AoeStats
← 用户1623433

Arena

505813816Analyzed
4v4 RM · 23d ago on Sep 11, 2026· 46m 39s· 8 players
Game mode
Random Map
Map size
Large (8 player)
Population
200
Speed
Normal
Resources
Standard
Victory
Conquest
Starting age
Dark Age
Ending age
Imperial Age
RankedLock teamsTeams togetherTeam positionsShared explorationLock speedFull tech treeHidden civsTurbo modeCheats
Victory
Defeat
🇨🇳 Japanese · China
1109
+16
🇨🇳 Italians · China
1108
+16
🇨🇳 Goths · China
1107
+16
🇨🇳 Huns · China
1069
+19
🇺🇸 Jurchens · United States
1132
-17
🇫🇷 Maya · France
1124
-17
🇧🇷 Poles · Brazil
1110
-17
🇺🇸 Ethiopians · United States
1090
-16
用户1623433
12:30 Feudal Age
17:12 Castle Age
15:08 Double-Bit Axe
15:19 Horse Collar
16:26 Fletching
18:45 Loom
21:24 Bow Saw
22:53 Gold Mining
23:01 Stone Mining
24:43 Fortified Wall
29:29 Imperial Age
27:30 Heavy Plow
29:39 Masonry
29:05 Elite Skirmisher
30:31 Wheelbarrow
29:45 Town Watch
31:44 Stone Shaft Mining
31:31 Thumb Ring
32:09 Bodkin Arrow
32:14 Padded Archer Armor
32:52 Hand Cart
32:39 Town Patrol
34:14 Conscription
35:34 Bracer
36:33 Architecture
35:56 Guard Tower
37:34 Two-Man Saw
37:45 Onager
39:03 Keep
39:30 Chemistry
39:41 Ballistics
38:53 Pikeman
39:34 Squires
40:10 Arson
40:54 Murder Holes
45:13 Crop Rotation
45:25 Bombard Tower
44:51 Arrowslits
ssseeing
10:53 Feudal Age
12:14 Double-Bit Axe
14:57 Castle Age
13:48 Horse Collar
16:02 Bow Saw
16:37 Heavy Plow
23:07 Wheelbarrow
25:15 Loom
25:24 Gold Mining
25:33 Pikeman
25:37 Man-at-Arms
26:20 Scale Mail Armor
26:31 Forging
29:08 Imperial Age
27:16 Anarchy
27:34 Squires
26:55 Long Swordsman
28:48 Chain Mail Armor
29:09 Iron Casting
29:17 Halberdier
30:04 Stone Mining
30:39 Conscription
29:43 Two-Handed Swordsman
31:34 Two-Man Saw
31:01 Elite Huskarl
33:30 Blast Furnace
35:12 Chemistry
34:15 Champion
36:01 Hand Cart
37:24 Perfusion
39:32 Stone Shaft Mining
38:50 Fletching
39:00 Padded Archer Armor
39:24 Ballistics
39:15 Masonry
40:53 Guilds
40:44 Caravan
43:14 Crop Rotation
45:05 Coinage
拉拉车
8:44 Loom
10:50 Feudal Age
15:52 Castle Age
14:36 Double-Bit Axe
17:10 Bow Saw
17:41 Horse Collar
20:31 Wheelbarrow
21:01 Stone Mining
21:59 Heavy Plow
21:52 Gold Mining
23:47 Gold Shaft Mining
25:43 Hand Cart
30:14 Imperial Age
28:50 Husbandry
29:00 Bloodlines
29:00 Scale Barding Armor
29:06 Forging
28:46 Fletching
28:55 Murder Holes
29:29 Marauders
31:22 Iron Casting
31:07 Chain Barding Armor
32:11 Conscription
33:08 Atheism
32:11 Elite Tarkan
34:03 Ballistics
34:47 Blast Furnace
34:38 Plate Barding Armor
35:20 Bodkin Arrow
35:25 Scale Mail Armor
35:26 Padded Archer Armor
35:48 Ballistics
36:29 Chemistry
37:09 Two-Man Saw
36:21 Elite Skirmisher
38:02 Bracer
38:18 Chain Mail Armor
39:46 Town Watch
40:03 Pikeman
40:29 Arson
40:45 Squires
44:33 Leather Archer Armor
43:42 Halberdier
China`s liu
10:46 Feudal Age
15:00 Castle Age
13:17 Double-Bit Axe
15:37 Loom
23:08 Horse Collar
26:43 Bow Saw
29:15 Forging
29:06 Scale Mail Armor
31:21 Gold Mining
37:52 Chain Mail Armor
38:13 Iron Casting
38:48 Wheelbarrow
45:47 Imperial Age
43:34 Hand Cart
43:06 Town Watch
43:08 Loom
47:00 Conscription
46:03 Elite Samurai
rugiero569
0:56 Loom
10:35 Feudal Age
14:39 Castle Age
12:53 Double-Bit Axe
12:53 Horse Collar
14:18 Town Watch
15:59 Bow Saw
20:51 Heavy Plow
22:18 Wheelbarrow
24:25 Gold Mining
26:10 Hand Cart
29:06 Imperial Age
26:22 Loom
27:03 Padded Archer Armor
26:54 Fletching
27:28 Ballistics
28:00 Leather Archer Armor
28:33 Bodkin Arrow
28:01 Crossbowman
28:49 Thumb Ring
29:36 Arbalester
30:20 Bracer
30:51 Ring Archer Armor
31:24 Chemistry
30:52 Siege Engineers
31:30 Stone Mining
33:56 Scale Barding Armor
34:01 Forging
33:54 Scale Mail Armor
35:29 Torsion Engines
39:02 Murder Holes
S1lv3r81
9:56 Feudal Age
14:46 Castle Age
13:34 Double-Bit Axe
13:32 Horse Collar
15:35 Loom
16:06 Bow Saw
20:42 Gold Mining
22:57 Town Watch
23:35 Stone Mining
25:21 Wheelbarrow
25:30 Heavy Plow
26:15 Gold Shaft Mining
27:05 Stone Shaft Mining
27:13 Forging
31:17 Imperial Age
29:11 Scale Barding Armor
30:04 Bloodlines
29:55 Husbandry
30:33 Iron Casting
30:19 Chain Barding Armor
30:45 Hand Cart
31:16 Ballistics
30:37 Treadmill Crane
30:52 Murder Holes
31:09 Masonry
31:15 Fortified Wall
34:08 Elite Fire Lancer
37:32 Squires
38:36 Blast Furnace
37:36 Scale Mail Armor
38:02 Gambesons
38:03 Arson
39:23 Town Patrol
40:18 Elite Steppe Lancer
43:15 Fortified Bastions
43:30 Thunderclap Bombs
44:01 Hoardings
43:47 Conscription
47:17 Architecture
47:48 Chemistry
reibrook
11:45 Feudal Age
15:33 Castle Age
14:14 Double-Bit Axe
14:11 Horse Collar
17:18 Scale Barding Armor
17:35 Forging
19:32 Wheelbarrow
19:39 Wheelbarrow
19:59 Bow Saw
23:07 Gold Mining
23:07 Stone Mining
23:18 Heavy Plow
28:41 Stone Shaft Mining
28:24 Hand Cart
28:32 Chain Barding Armor
28:48 Iron Casting
28:13 Light Cavalry
29:42 Scale Mail Armor
30:12 Bloodlines
30:03 Husbandry
29:57 Town Watch
32:13 Fletching
32:24 Padded Archer Armor
32:46 Ballistics
36:21 Imperial Age
35:11 Szlachta Privileges
36:59 Cavalier
37:00 Winged Hussar
38:25 Crop Rotation
40:23 Blast Furnace
Wagnifico
11:12 Feudal Age
15:46 Castle Age
13:48 Double-Bit Axe
14:41 Stone Mining
15:37 Fletching
16:39 Horse Collar
21:40 Padded Archer Armor
24:00 Wheelbarrow
23:40 Pikeman
25:22 Bow Saw
26:40 Arson
29:01 Hand Cart
30:24 Forging
31:06 Scale Mail Armor
31:11 Loom
35:06 Imperial Age
32:34 Gold Mining
33:14 Thumb Ring
37:34 Masonry
40:43 Elite Skirmisher
42:10 Halberdier
43:35 Crossbowman
Connection lost

Rejoining the realm…

Still unreachable

The connection could not be restored.

Session expired

The server has moved on; the page needs a fresh start.